 Dungeon Sprint DCSS version 0.28-a0-119-ga52ba8600a (webtiles) character file.

Game seed: 6679707020567106010

49 lagrange the Skirmisher (level 4, -12/41 HPs)
             Began as a Formicid Abyssal Knight on Aug 13, 2021.
             Was a Believer of Lugonu.
             Mangled by a water elemental (17 damage)
             ... in the Dungeon (Sprint III: "The Ten Rune Challenge").
             The game lasted 00:02:00 (362 turns).

lagrange the Skirmisher (Formicid Abyssal Knight)    Turns: 362, Time: 00:02:00

Health: -12/41     AC:  3    Str: 17    XL:     4   Next: 2%
Magic:  6/6        EV: 11    Int: 12    God:    Lugonu [**....]
Gold:   18         SH:  4    Dex: 10    Spells: 3/3 levels left

rFire   . . .      SeeInvis +   a - +1 mace
rCold   . . .      Faith    .   (no shield)
rNeg    . . .      Spirit   .   b - +0 leather armour
rPois   +          Reflect  .   (helmet unavailable)
rElec   .          Harm     .   (no cloak)
rCorr   .          Rampage  .   (no gloves)
Will    .....                   (no boots)
Stlth   +.........              (no amulet)
HPRegen 0.13/turn               (no ring)
MPRegen 0.10/turn               (no ring)

@: no status effects
A: permanent stasis, dig shafts and tunnels, antennae 3, four strong arms, large
bone plates 1, poison resistance
a: Dig, Renounce Religion, Bend Space


You were in the Dungeon.
You worshipped Lugonu.
Lugonu was pleased with you.
You visited 1 branch You collected 18 gold pieces.

Inventory:

Hand Weapons
 a - a +1 mace (weapon)
Armour
 b - a +0 leather armour (worn)
Scrolls
 g - a scroll of holy word {unknown}
 h - 3 scrolls of identify
 k - a scroll of torment {unknown}
Potions
 c - a potion of curing
 e - 2 potions of magic
 i - a potion of lignification {unknown}


   Skills:
 + Level 6.5 Fighting
 + Level 3.5 Maces & Flails
 + Level 3.4 Armour
 + Level 1.5 Dodging
 + Level 3.4 Invocations


You had 3 spell levels left.
You didn't know any spells.
Your spell library contained the following spells:

 Spells                   Type           Power      Damage    Failure   Level
 Sublimation of Blood     Necr           0%         N/A       52%         2
 Petrify                  Tmut/Erth      0%         N/A       98%         4
 Irradiate                Conj/Tmut      0%         3d13      100%        5


Dungeon Overview and Level Annotations

Branches:
Dungeon (1/1)

Altars:


Innate Abilities, Weirdness & Mutations

You cannot be hasted, slowed, berserked, paralysed or teleported.
You can dig through walls and to a lower floor.
You have a pair of large antennae on your head. (SInv)
Your four strong arms can wield two-handed weapons with a shield.
You are partially covered in large bone plates. (SH +4)
Your system is resistant to poisons. (rPois)


Message History

The water elemental is lightly damaged.
The water elemental barely misses you. The water elemental closely misses you.
You hit the water elemental.
The water elemental is lightly damaged.
The water elemental hits you!
The water elemental engulfs you in water!
You hit the water elemental.
The water elemental is lightly damaged.
Your lungs strain for air!
The water elemental hits you!
You feel much better.
Your lungs strain for air!
The water elemental hits you!
It was a potion of cancellation.
You feel magically purged.
Your lungs strain for air!
The water elemental closely misses you.
You hit the water elemental.
The water elemental is moderately damaged.
Your lungs strain for air!
The water elemental barely misses you.
You barely miss the water elemental.
The water elemental is moderately damaged.
* * * LOW HITPOINT WARNING * * *
Your lungs strain for air!
You block the water elemental's attack.
Okay, then.
You feel better.
* * * LOW HITPOINT WARNING * * *
Your lungs strain for air!
The water elemental barely misses you.
You slip free of the water engulfing you.
You gasp with relief as air once again reaches your lungs.
It was a potion of berserk rage.
Your stasis prevents you from going berserk.
The water elemental hits you.
* * * LOW HITPOINT WARNING * * *
You barely miss the water elemental.
The water elemental is moderately damaged.
The water elemental hits you!
You die...

▓▓▓▓▓▓▓▓▓▓▓▓ ▓▓▓
<.#..'...♣.♣ ♣.#
..#!.#.....♣ ♣♣.#
#'####....♣♣♣ ♣..#{
.....#....≈.♣ ♣♣.###+#+##
.....#...≈≈.♣♣♣..#.......
.....#..≈≈≈≈♣...@E.⌠.....
####'#..≈≈≈≈≈≈.♣.#...####
....)#.≈≈≈≈≈≈....#.⌠.#
.....#.≈≈≈≈≈.....#...#
.....#.≈≈≈.......#+### {
'#####...........# {{
.................#
▓▓▓▓▓▓▓▓▓▓▓▓▓▓▓▓▓▓ {


You could see a water elemental.

Vanquished Creatures
  Jessica (D)
  A human (D)
  A phantom (D)
  An endoplasm (D)
  2 rats (D)
6 creatures vanquished.

Vanquished Creatures (others)
  A hydra (D)
  2 plants (D)
3 creatures vanquished.

Grand Total: 9 creatures vanquished

Notes
Turn   | Place    | Note
-------+----------+-------------------------------------------
     0 | D        | lagrange the Formicid Abyssal Knight began the quest for
                  | the Orb.
     0 | D        | Reached XP level 1. HP: 18/18 MP: 2/2
     5 | D        | Reached skill level 1 in Dodging
     6 | D        | Reached ** piety under Lugonu
    13 | D        | Noticed Jessica
    17 | D        | Killed Jessica
    18 | D        | Reached skill level 5 in Fighting
    18 | D        | Reached XP level 2. HP: 17/28 MP: 2/4
    18 | D        | Reached XP level 3. HP: 21/34 MP: 2/5
   176 | D        | Reached skill level 6 in Fighting
   189 | D        | Reached XP level 4. HP: 23/41 MP: 6/6
   213 | D        | Gained mutation: Your system is resistant to poisons.
                  | (rPois) [potion of mutation]
   213 | D        | Gained mutation: You are partially covered in large bone
                  | plates. (SH +4) [potion of mutation]
   238 | D        | Killed a four-headed hydra
   345 | D        | Noticed a water elemental
   362 | D        | Mangled by a water elemental

Illustrated notes

Levels and vault maps discovered:
D:        dungeon_sprint_mu [sprint_mu_entry_forest, sprint_mu_temple_rooms,
          sprint_mu_d1_spiders, sprint_mu_d2_genie, sprint_mu_d3_branching,
          sprint_mu_orc_legion, sprint_mu_elf_gauntlet, sprint_mu_hive_nellie,
          sprint_mu_lair_fedhas, sprint_mu_vaults_butterflies,
          sprint_mu_slime_circle, sprint_mu_swamp_cave, sprint_mu_snake_twists,
          sprint_mu_blade_basic, sprint_mu_crypt_lich, sprint_mu_tomb_spiral,
          sprint_mu_vestibule_basic, sprint_mu_gehenna_hellfire,
          sprint_mu_dis_giant, sprint_mu_tartarus_statrot,
          sprint_mu_cocytus_islands, sprint_mu_zot1]

Skill      XL: |  1  2  3 |
---------------+----------+-----
Dodging        | 1 |  1.5
Fighting       | 5 6 |  6.5
Armour         | 3 |  3.4
Invocations    | 3 |  3.4
Maces & Flails | 3 |  3.5

Action                   |  1- 3 |  4- 6 || total
-------------------------+-------+-------++-------
Melee: Mace              |    21 |    11 ||    32
  Use: Potion            |       |     5 ||     5
Armor: Leather armour    |     5 |     1 ||     6
Dodge: Dodged            |    16 |     9 ||    25
Block: Other             |       |     2 ||     2

Table legend: (Time is in decaauts)
 A = Elapsed time spent in this place.
 B = Non-inter-level travel time spent in this place.
 C = Inter-level travel time spent in this place.
 D = Time resting spent in this place.
 E = Time spent auto-exploring this place.
 F = Levels seen in this place.
 G = Mean time per level.
                   A        B        C        D        E       F      G
               +--------+--------+--------+--------+--------+-----+--------+
         Total |    371 |    371 |      0 |    225 |      5 |   1 |  371.0 |
       Dungeon |    371 |    371 |      0 |    225 |      5 |   1 |  371.0 |
               +--------+--------+--------+--------+--------+-----+--------+

Top non-repeatable levels by time:
       D: 371 daAuts
